 Dungeon Crawl Stone Soup version 0.22-a0-252-gcace5d2 (webtiles) character file.

331 sankara the Grave Robber (level 6, -1/45 HPs)
             Began as a Hill Orc Necromancer on Mar 1, 2018.
             Succumbed to a water moccasin's poison
             ... on level 5 of the Dungeon.
             The game lasted 00:24:19 (6811 turns).

sankara the Grave Robber (Hill Orc Necromancer)     Turns: 6811, Time: 00:24:19

Health: -1/45      AC:  5    Str:  9 (11) XL:     6   Next: 52%
Magic:  2/9        EV: 17    Int: 15 (17) God:
Gold:   221        SH:  6    Dex: 14 (16) Spells: 2/10 levels left

rFire    . . .     SeeInvis .   a - +0 whip
rCold    . . .     Gourm    .   j - +2 buckler
rNeg     . . .     Faith    .   d - +0 robe (curse)
rPois    .         Spirit   .   (no helmet)
rElec    .         Reflect  .   (no cloak)
rCorr    .         Harm     .   v - +2 pair of gloves
MR       +....                  (no boots)
Stlth    +++.......             (no amulet)
HPRegen  0.15/turn              x - ring of protection from magic {MR+, !d}
MPRegen  0.11/turn              (no ring)

@: agile, lethally poisoned (-1 -> -13)
A: no striking features
a: no special abilities


You were on level 5 of the Dungeon.
You were not hungry.

You visited 1 branch of the dungeon, and saw 5 of its levels.

You collected 221 gold pieces.

Inventory:

Hand Weapons
 a - a +0 whip (weapon)
   (You found it on level 1 of the Dungeon)
 b - a +0 spear
   (You found it on level 1 of the Dungeon)
 f - a +0 hunting sling
   (You found it on level 1 of the Dungeon)
Missiles
 l - 90 stones (quivered)
 u - 5 tomahawks
Armour
 d - a cursed +0 robe (worn)
   (You found it on level 1 of the Dungeon)
 j - a +2 buckler (worn)
   (You found it on level 1 of the Dungeon)
 v - a +2 pair of gloves (worn)
   (You found it on level 4 of the Dungeon)
Jewellery
 x - a ring of protection from magic (left hand) {MR+, !d}
   (You found it on level 3 of the Dungeon)
Wands
 B - a wand of random effects (30)
   (You found it on level 4 of the Dungeon)
Scrolls
 e - a scroll of enchant armour {unknown}
 h - a scroll of teleportation {unknown}
 k - a scroll of magic mapping {unknown}
 n - 5 scrolls of remove curse {unknown}
 q - a scroll of amnesia {unknown}
 r - 3 scrolls of identify {unknown}
 s - a scroll of blinking {unknown}
 w - 2 scrolls of enchant weapon {unknown}
 y - 2 scrolls of immolation {unknown}
Potions
 g - 3 potions of curing {unknown}
 i - a potion of magic {unknown}
 m - a potion of ambrosia {unknown}
 o - a potion of agility
 z - a potion of might {unknown}
 A - a potion of haste
Comestibles
 c - 3 rations


   Skills:
 * Level 3.7 Maces & Flails
 - Level 1.5 Dodging
 - Level 1.5 Stealth
 + Level 2.5 Shields
 + Level 2.5 Spellcasting
 + Level 1.5 Charms
 + Level 4.9 Necromancy


You had 2 spell levels left.
You knew the following spells:

 Your Spells              Type           Power        Failure   Level  Hunger
a - Pain                  Necr           ###.         3%          1    #......
b - Regeneration          Chrm/Necr      ##........   19%         3    ###....
c - Animate Dead          Necr           N/A          32%         4    #####..


Dungeon Overview and Level Annotations

Branches:
Dungeon (5/15)
 Temple: D:4-7

Altars:
Dithmenos
The Shining One

Annotations:
D:4 1 runed door, Eustachio; wazuzu's ghost, novice DsWz


Message History

The water moccasin is lightly wounded.
You feel sick. The water moccasin closely misses you.
You hit the water moccasin but do no damage.
The water moccasin is lightly wounded.
You feel sick. The water moccasin bites you. x2
You are lethally poisoned!
The water moccasin poisons you!
You hit the water moccasin but do no damage.
The water moccasin is lightly wounded.
You feel sick. You block the water moccasin's attack.
You miss the water moccasin.
The water moccasin is lightly wounded.
You feel sick. The water moccasin bites you.
* * * LOW HITPOINT WARNING * * *
You eat one of the 4 rations.
That ration really hit the spot!
* * * LOW HITPOINT WARNING * * *
You feel sick. The water moccasin barely misses you.
Casting: Regeneration (safe; 17% risk of failure)
Confirm with . or Enter, or press ? or * to list all spells.
Aiming: Pain (safe; 2% risk of failure)
Press: ? - help, Shift-Dir - straight line, f - water moccasin
Aim: a water moccasin (chance to defeat MR: 78%)
The water moccasin barely resists.
* * * LOW HITPOINT WARNING * * *
You feel sick. The water moccasin bites you.
* * * LOW HITPOINT WARNING * * *
The water moccasin barely misses you.
You feel much better.
You feel sick. The water moccasin barely misses you.
Casting: Pain (safe; 2% risk of failure)
Confirm with . or Enter, or press ? or * to list all spells.
Aiming: Pain (safe; 2% risk of failure)
Press: ? - help, Shift-Dir - straight line, f/p - water moccasin
Aim: a water moccasin (chance to defeat MR: 78%)
The water moccasin writhes in agony!
You feel sick.
The water moccasin bites you but does no damage.
The water moccasin completely misses you.
Casting: Pain (safe; 2% risk of failure)
Confirm with . or Enter, or press ? or * to list all spells.
Aiming: Pain (safe; 2% risk of failure)
Press: ? - help, Shift-Dir - straight line, f/p - water moccasin
Aim: a water moccasin (lightly wounded, chance to defeat MR: 78%)
The water moccasin writhes in agony!
You feel sick. The water moccasin bites you.
Casting: Pain (safe; 2% risk of failure)
Confirm with . or Enter, or press ? or * to list all spells.
Aiming: Pain (safe; 2% risk of failure)
Press: ? - help, Shift-Dir - straight line, f/p - water moccasin
Aim: a water moccasin (moderately wounded, chance to defeat MR: 78%)
The water moccasin writhes in agony!
You feel sick. The water moccasin misses you.
Casting: Pain (safe; 2% risk of failure)
Confirm with . or Enter, or press ? or * to list all spells.
Aiming: Pain (safe; 2% risk of failure)
Press: ? - help, Shift-Dir - straight line, f/p - water moccasin
Aim: a water moccasin (heavily wounded, chance to defeat MR: 78%)
The water moccasin barely resists.
You feel sick. You block the water moccasin's attack.
The water moccasin bites you.
Casting: Pain (safe; 2% risk of failure)
Confirm with . or Enter, or press ? or * to list all spells.
Aiming: Pain (safe; 2% risk of failure)
Press: ? - help, Shift-Dir - straight line, f/p - water moccasin
Aim: a water moccasin (moderately wounded, chance to defeat MR: 78%)
The water moccasin writhes in agony!
You feel sick. The water moccasin barely misses you.
Casting: Pain (safe; 2% risk of failure)
Confirm with . or Enter, or press ? or * to list all spells.
Aiming: Pain (safe; 2% risk of failure)
Press: ? - help, Shift-Dir - straight line, f/p - water moccasin
Aim: a water moccasin (heavily wounded, chance to defeat MR: 78%)
The water moccasin writhes in agony!
You feel sick.
The water moccasin closely misses you. x2
Casting: Pain (safe; 2% risk of failure)
Confirm with . or Enter, or press ? or * to list all spells.
Aiming: Pain (safe; 2% risk of failure)
Press: ? - help, Shift-Dir - straight line, f/p - water moccasin
Aim: a water moccasin (heavily wounded, chance to defeat MR: 78%)
The water moccasin writhes in agony!
You feel sick. The water moccasin barely misses you.
Casting: Pain (safe; 2% risk of failure)
Confirm with . or Enter, or press ? or * to list all spells.
Okay, then.
You feel sick. The water moccasin bites you.
* * * LOW HITPOINT WARNING * * *
You are more poisoned.
The water moccasin poisons you!
* * * LOW HITPOINT WARNING * * *
You feel sick.
* * * LOW HITPOINT WARNING * * *
You feel sick.
It was a potion of agility.
You feel agile all of a sudden.
* * * LOW HITPOINT WARNING * * *
You feel sick.
The water moccasin bites you but does no damage.
The water moccasin barely misses you.
It was a potion of degeneration.
There was something very wrong with that liquid.
You feel weakened.
You feel dopey.
You feel clumsy.
You die...

#..##### ##.#
#......## #..###
#.......# #....####
#.......###.......##
##......#..........#
#.........###......#
#### ##......###
#<.....# .$...
#......# #....###
..... #..@...#
#.#### .?....
##.S....# ###
......##..#....#
.......#.##....#
.........###..##
########.# ##.# #..#
.# ##.# ## #.


You could see a water moccasin.

Vanquished Creatures
  A scorpion (D:4)
  3 orc wizards (D:4)
  2 worker ants (D:3)
  A hound skeleton (D:4)
  4 adders
  A gnoll (D:2)
  An ooze (D:1)
  A worm (D:2)
  2 dart slugs
  4 leopard geckos
  8 orcs
  4 giant cockroaches
  6 goblins
  6 hobgoblins
  8 jackals
  A quokka (D:4)
  A ball python (D:1)
  4 bats
  2 frilled lizards
  8 kobolds
  4 rats
72 creatures vanquished.

Notes
Turn   | Place    | Note
-------+----------+-------------------------------------------
     0 | D:1      | sankara the Hill Orc Necromancer began the quest for the Orb.
     0 | D:1      | Reached XP level 1. HP: 14/14 MP: 3/3
   183 | D:1      | Reached XP level 2. HP: 17/20 MP: 0/4
   820 | D:1      | Reached skill level 2 in Spellcasting
  1236 | D:1      | Reached skill level 1 in Maces & Flails
  1236 | D:1      | Reached XP level 3. HP: 24/26 MP: 3/6
  1886 | D:1      | HP: 6/26 [poisoned by an adder]
  2468 | D:2      | Reached skill level 1 in Shields
  2801 | D:2      | Learned a level 3 spell: Regeneration
  2942 | D:2      | Reached skill level 2 in Maces & Flails
  2942 | D:2      | Reached XP level 4. HP: 27/33 MP: 0/7
  3364 | D:3      | Found a shadowy altar of Dithmenos.
  4348 | D:4      | Noticed Eustachio
  4364 | D:3      | Reached XP level 5. HP: 11/38 MP: 0/8
  4364 | D:3      | HP: 9/38 [poisoned by an adder]
  4371 | D:3      | HP: 7/38 [poisoned by an adder]
  4378 | D:3      | HP: 6/38 [poisoned by an adder]
  4386 | D:3      | HP: 5/38 [poisoned by an adder]
  4699 | D:4      | Found a runed door.
  4699 | D:4      | Noticed an angel
  4700 | D:4      | Found a glowing golden altar of the Shining One.
  4755 | D:4      | Noticed an ogre
  4801 | D:3      | HP: 5/38 [worker ant (6)]
  5144 | D:4      | Noticed wazuzu's ghost (novice DsWz)
  5195 | D:3      | Reached skill level 2 in Shields
  5195 | D:3      | Reached skill level 1 in Charms
  5291 | D:3      | Learned a level 4 spell: Animate Dead
  5376 | D:4      | Reached skill level 3 in Maces & Flails
  5376 | D:4      | Reached XP level 6. HP: 28/45 MP: 1/9
  5827 | D:3      | HP: 11/45 [poisoned by Eustachio]
  6654 | D:5      | Entered Level 5 of the Dungeon
  6784 | D:5      | Noticed a water moccasin
  6796 | D:5      | HP: 11/45 [poisoned by a water moccasin]
  6797 | D:5      | HP: 4/45 [water moccasin (5)]
  6804 | D:5      | HP: 11/45 [poisoned by a water moccasin]
  6807 | D:5      | HP: 4/45 [water moccasin (4)]
  6810 | D:5      | HP: 1/45 [poisoned by a water moccasin]
  6811 | D:5      | Succumbed to a water moccasin's poison

Vault maps used:
D:1:      dpeg_arrival_triangle_fractal, kennysheep_decorative_pillar
D:2:      minmay_tromino_i2
D:3:      grunt_dithmenos_smoke_and_mirrors
D:4:      lemuel_angel_altar, uniq_eustachio
D:5:      temple_green, serial_shops, nicolae_shop_stone, first_ration,
          grunt_ministairs_10

Skill      XL: |  1  2  3  4  5 |
---------------+----------------+-----
Spellcasting   | 2 |  2.5
Maces & Flails | 1 2 3 |  3.7
Shields        | 1 2 |  2.5
Charms         | 1 |  1.5
Dodging        | |  1.5
Stealth        | |  1.5
Necromancy     | |  4.9

Action                   |  1- 3 |  4- 6 || total
-------------------------+-------+-------++-------
Melee: Unarmed           |     2 |       ||     2
       Whip              |    20 |    96 ||   116
 Cast: Pain              |    67 |   125 ||   192
       Regeneration      |       |     2 ||     2
       Animate Dead      |       |     3 ||     3
  Use: Potion            |     1 |     5 ||     6
 Stab: Distracted        |       |     1 ||     1
  Eat: Chunk             |     4 |     9 ||    13
       Ration            |     1 |     2 ||     3
Armor: Robe              |     9 |    51 ||    60
Dodge: Dodged            |    21 |   100 ||   121
Block: Buckler           |     6 |    62 ||    68

Table legend:
 A = Spawn XP
 B = Non-spawn XP
 C = Spawn XP percentage of total XP
 D = Spawn monster count
 E = Non-spawn monster count
 F = Spawn count percentage of total count
 G = Total turns spent on level
                    A         B        C        D         E        F      G
               +---------+---------+-------+---------+---------+-------+---------
         Total |       0 |     474 |   0.0 |       0 |      72 |   0.0 |  6811
               +---------+---------+-------+---------+---------+-------+---------
           D:1 |       0 |      43 |   0.0 |       0 |      22 |   0.0 |  2511
           D:2 |       0 |      52 |   0.0 |       0 |      18 |   0.0 |   937
           D:3 |       0 |     123 |   0.0 |       0 |      17 |   0.0 |  1713
           D:4 |       0 |     254 |   0.0 |       0 |      14 |   0.0 |  1493
           D:5 |       0 |       2 |   0.0 |       0 |       1 |   0.0 |   157
               +---------+---------+-------+---------+---------+-------+---------

Vault maps used:
D:1:      dpeg_arrival_triangle_fractal, kennysheep_decorative_pillar
D:2:      minmay_tromino_i2
D:3:      grunt_dithmenos_smoke_and_mirrors
D:4:      lemuel_angel_altar, uniq_eustachio
D:5:      temple_green, serial_shops, nicolae_shop_stone, first_ration,
          grunt_ministairs_10

Table legend:
 A = Turns spent in this place as a percentage of turns spent in the entire game.
 B = Non-inter-level travel turns spent in this place as a percentage of non-inter-level travel turns spent in the entire game.
 C = Inter-level travel turns spent in this place as a percentage of turns spent in this place.
 D = Turns resting spent in this place as a percentage of non-inter-level travel turns spent in this place.
 E = Turns spent auto-exploring this place as a percentage of non-inter-level travel turns spent in this place.
 F = Non-inter-level travel turns spent in this place divided by the number of levels of this place that you've seen.
                   A       B       C       D       E      F
               +-------+-------+-------+-------+-------+----------------------
         Total | 100.0 | 100.0 |   4.7 |  51.2 |  28.0 | 1298.4
       Dungeon | 100.0 | 100.0 |   4.7 |  51.2 |  28.0 | 1298.4
               +-------+-------+-------+-------+-------+----------------------

Table legend:
 A = Kills in this place as a percentage of kills in entire the game.
 B = Kills by you in this place as a percentage of kills by you in the entire game.
 C = Kills by friends in this place as a percentage of kills by friends in the entire game.
 D = Other kills in this place as a percentage of other kills in the entire game.
 E = Experience gained in this place as a percentage of experience gained in the entire game.
 F = Experience gained in this place divided by the number of levels of this place that you have seen.
                   A       B       C       D       E      F
               +-------+-------+-------+-------+-------+----------------------
         Total | 100.0 | 100.0 |   N/A |   N/A | 100.0 |  94.8
       Dungeon | 100.0 | 100.0 |   N/A |   N/A | 100.0 |  94.8
               +-------+-------+-------+-------+-------+----------------------
